 Dungeon Crawl Stone Soup version 0.30.0-29-ga12c61a403 (webtiles) character file.

Game seed: 3213828379294058662

49 DildoBatman the Conjurer (level 4, -1/32 HPs)
             Began as a Formicid Conjurer on June 8, 2023.
             Slain by a worm (7 damage)
             ... on level 2 of the Dungeon.
             The game lasted 00:02:40 (1124 turns).

DildoBatman the Conjurer (Formicid Conjurer)        Turns: 1124, Time: 00:02:41

Health: -1/32      AC:  2    Str: 12    XL:     4   Next: 1%
Magic:  6/7        EV: 12    Int: 19    God:
Gold:   87         SH:  0    Dex: 12    Spells: 5/8 levels left

rFire   . . .        c - +0 short sword
rCold   . . .        (no shield)
rNeg    . . .        a - +0 robe
rPois   .            (helmet unavailable)
rElec   .            (no cloak)
rCorr   .            (no gloves)
SInv    +            (no boots)
Will    .....        (no amulet)
Stlth   ++           (no ring)
HPRegen 0.25/turn    (no ring)
MPRegen 0.10/turn

%: no passive effects
@: no status effects
A: permanent stasis, dig shafts and tunnels, antennae 3, four strong arms
a: Dig, Shaft Self


You were on level 2 of the Dungeon.
You visited 1 branch of the dungeon, and saw 2 of its levels.

You collected 87 gold pieces.

Inventory:

Hand Weapons
 c - a +0 short sword (weapon)
Missiles
 f - 6 poisoned darts
Armour
 a - a +0 robe (worn)
Scrolls
 g - 2 scrolls of teleportation {unknown}
 h - a scroll of blinking {unknown}
 i - a scroll of enchant weapon {unknown}
 j - a scroll of immolation
Potions
 b - a potion of magic
 d - a potion of cancellation {unknown}
 e - a potion of brilliance {unknown}


   Skills:
 * Level 1.2 Fighting
 * Level 1.1 Armour
 * Level 2.2 Dodging
 * Level 2.9 Stealth
 * Level 2.5 Spellcasting
 * Level 3.8 Conjurations


You had 5 spell levels left.
You knew the following spells:

 Your Spells              Type           Power      Damage    Failure   Level
a - Searing Ray           Conj           34%        2d5       4%          2
c - Magic Dart            Conj           68%        1d6       3%          1

Your spell library contained the following spells:

 Spells                   Type           Power      Damage    Failure   Level
 Dazzling Flash           Conj/Hex       18%        N/A       22%         3
 Fulminant Prism          Conj/Hex       4%         3d5       58%         4
 Iskenderun's Mystic Bla  Conj/Tloc      9%         2d4       58%         4


Dungeon Overview and Level Annotations

Branches:
Dungeon (2/15)

Altars:


Innate Abilities, Weirdness & Mutations

You cannot be hasted, slowed, berserked, paralysed or teleported.
You can dig through walls and to a lower floor.
You have a pair of large antennae on your head. (SInv)
Your four strong arms can wield two-handed weapons with a shield.


Message History

r - Retreat! s - Stop attacking. g - Guard the area. f - Follow me.
Anything else - Cancel.
You shout for attention!
The giant cockroach closely misses you. The worm closely misses you.
The frilled lizard misses you. The kobold hits you with a +0 club.
What are your orders? t - Shout!
Orders for allies: a - Attack new target. r - Retreat! s - Stop attacking. g - Guard the area. f - Follow me.
Anything else - Cancel.
You shout for attention!
The giant cockroach bites you but does no damage.
The frilled lizard completely misses you.
The kobold closely misses you. What are your orders? t - Shout!
Orders for allies: a - Attack new target. r - Retreat! s - Stop attacking. g - Guard the area. f - Follow me.
Anything else - Cancel.
You shout for attention!
The giant cockroach bites you but does no damage.
The worm misses you.
The frilled lizard bites you but does no damage.
The kobold hits you but does no damage. What are your orders? t - Shout!
Orders for allies: a - Attack new target. r - Retreat! s - Stop attacking. g - Guard the area. f - Follow me.
Anything else - Cancel.
You shout for attention!
The giant cockroach bites you.
The giant cockroach bites you but does no damage.
The worm bites you!
You die...

###########
..#.........#
..#.........##.
...............
.......K....#
#...w@B...#..
#....l..[....
#............
####..####.##
########.####.#
#.............###
#..#####........####
##.....#...........##
#####..........†...


You could see a worm, a giant cockroach, a kobold and a frilled lizard.

Vanquished Creatures
  A dart slug (D:1)
  7 ball pythons
  3 bats
  5 endoplasms
  A giant cockroach (D:1)
  5 goblins (D:1)
  3 hobgoblins (D:1)
  6 jackals (D:1)
  4 frilled lizards (D:1)
  3 kobolds (D:1)
  5 rats
43 creatures vanquished.

Notes
Turn   | Place    | Note
-------+----------+-------------------------------------------
     0 | D:1      | DildoBatman the Formicid Conjurer began the quest for the
                  | Orb.
     0 | D:1      | Reached XP level 1. HP: 13/13 MP: 3/3
   169 | D:1      | Reached XP level 2. HP: 20/20 MP: 3/5
   172 | D:1      | Learned a level 2 spell: Searing Ray
   510 | D:1      | Reached XP level 3. HP: 25/25 MP: 4/6
   606 | D:1      | Reached skill level 1 in Armour
   643 | D:1      | Reached skill level 1 in Fighting
   791 | D:1      | Found a faded altar of an unknown god.
  1107 | D:2      | Reached XP level 4. HP: 32/32 MP: 4/7
  1124 | D:2      | Slain by a worm

Illustrated notes

Levels and vault maps discovered:
D:1:      nicolae_arrival_washed_ashore, layout_basic,
          hellmonk_ecumenical_altar_blasted, fountainhead
D:2:      layout_rooms, basic_altar

Skill      XL: |  1  2  3 |
---------------+----------+-----
Dodging        | 2 |  2.2
Armour         | 1 |  1.1
Fighting       | 1 |  1.2
Stealth        | |  2.9
Spellcasting   | |  2.5
Conjurations   | |  3.8

Action                     |  1- 3 |  4- 6 || total
---------------------------+-------+-------++-------
  Melee: Short sword       |    26 |     1 ||    27
         Punch             |     1 |       ||     1
   Cast: Magic Dart        |    54 |       ||    54
         Searing Ray       |     1 |       ||     1
 Armour: Robe              |     4 |    10 ||    14
  Dodge: Dodged            |    23 |    23 ||    46
